 Dungeon Crawl Stone Soup version 0.31-a0-542-gdc2a67831c (webtiles) character file.

Game seed: 1767917379371255246

75 Bobit the Grasshopper (level 4, -5/38 HPs)
             Began as a Gnoll Warper on Aug 15, 2023.
             Slain by an orc
             ... wielding a +0 war axe
              (7 damage)
             ... on level 3 of the Dungeon.
             The game lasted 00:05:40 (2060 turns).

Bobit the Grasshopper (Gnoll Warper)                Turns: 2060, Time: 00:05:41

Health: -5/38      AC:  4    Str: 10    XL:     4   Next: 31%
Magic:  11/11      EV: 13    Int: 12    God:
Gold:   49         SH:  0    Dex: 14    Spells: 5/13 levels left

rFire   . . .        r - +0 falchion (holy)
rCold   . . .        (no shield)
rNeg    . . .        b - +0 leather armour
rPois   .            (no helmet)
rElec   .            (no cloak)
rCorr   .            (no gloves)
SInv    .            m - +0 pair of boots
Will    .....        k - amulet of the acrobat
Stlth   +            (no ring)
HPRegen 0.26/turn    (no ring)
MPRegen 0.12/turn

%: acrobat
@: no status effects
A: fangs 1, strong nose, distributed training
a: no special abilities


You were on level 3 of the Dungeon.
You visited 1 branch of the dungeon, and saw 3 of its levels.

You collected 49 gold pieces.

Inventory:

Hand Weapons
 a - a +0 falchion
 r - a +0 falchion of holy wrath (weapon)
Missiles
 d - 7 darts of dispersal (quivered)
 g - 5 poisoned darts
 l - 6 boomerangs
Armour
 b - a +0 leather armour (worn)
 m - a +0 pair of boots (worn)
 q - a +0 plate armour
Jewellery
 k - an amulet of the acrobat (around neck)
Talismans
 p - a serpent talisman
Scrolls
 c - a scroll of blinking
 e - a scroll of vulnerability {unknown}
 f - a scroll of identify {unknown}
 i - a scroll of enchant armour {unknown}
 o - a scroll of amnesia {unknown}
 s - a scroll of noise {unknown}
 u - a scroll of silence {unknown}
Potions
 h - a potion of lignification {unknown}
 j - a potion of heal wounds {unknown}
 n - a potion of enlightenment {unknown}
 t - 2 potions of haste {unknown}


   Skills:
 + Level 4.6 Fighting
 + Level 1.1 Short Blades
 + Level 4.6 Long Blades
 + Level 1.1 Axes
 + Level 1.1 Maces & Flails
 + Level 1.1 Polearms
 + Level 1.1 Staves
 + Level 1.1 Ranged Weapons
 + Level 2.7 Throwing
 + Level 2.7 Armour
 + Level 4.6 Dodging
 + Level 1.1 Stealth
 + Level 1.1 Shields
 + Level 1.1 Unarmed Combat
 + Level 5.1 Spellcasting
 + Level 0.9 Conjurations
 + Level 0.9 Hexes
 + Level 0.9 Summonings
 + Level 0.9 Necromancy
 + Level 5.4 Translocations
 + Level 0.9 Transmutations
 + Level 0.9 Fire Magic
 + Level 0.9 Ice Magic
 + Level 0.9 Air Magic
 + Level 0.9 Earth Magic
 + Level 0.9 Poison Magic
 + Level 1.2 Invocations
 + Level 1.1 Evocations
 + Level 0.9 Shapeshifting


You had 5 spell levels left.
You knew the following spells:

 Your Spells              Type           Power      Damage    Failure   Level
a - Blink                 Tloc           32%        N/A       4%          2
b - Teleport Other        Tloc           16%        N/A       9%          3
c - Vhi's Electric Charg  Tloc/Air       20%        N/A       22%         3

Your spell library contained the following spells:

 Spells                   Type           Power      Damage    Failure   Level
 Lesser Beckoning         Tloc           32%        N/A       4%          2
 Scorch                   Fire           10%        2d5       26%         2
 Manifold Assault         Tloc           16%        N/A       26%         4
 Flame Wave               Conj/Fire      5%         2d5       87%         4
 Summon Cactus Giant      Summ           2%         N/A       100%        6


Dungeon Overview and Level Annotations

Branches:
Dungeon (3/15)

Altars:

Annotations:
D:2 Robin


Innate Abilities, Weirdness & Mutations

You have very sharp teeth.
Your uncanny sense of smell can sniff out nearby items.
Your experience applies equally to all skills.


Message History

You hit the orc but do no damage. The orc closely misses you.
A kobold comes into view. It is wielding a +0 short sword.
You hit the orc but do no damage. You punch the orc, but do no damage.
You bite the orc.
The orc is lightly wounded.
The orc hits you with a +0 short sword.
You barely miss the orc.
The orc is lightly wounded.
The orc closely misses you.
You hit the orc.
The orc is moderately wounded.
The orc closely misses you.
You barely miss the orc.
The orc is moderately wounded.
The orc hits you but does no damage.
You hit the orc.
The orc is almost dead.
The orc misses you.
You completely miss the orc. You bite the orc, but do no damage.
The orc is almost dead.
The orc closely misses you.
You closely miss the orc.
The orc is almost dead.
The orc hits you with a +0 short sword.
You hit the orc.
You kill the orc!
The orc priest looks encouraged for a moment.
You closely miss the orc. The orc hits you but does no damage.
The orc priest miscasts a cantrip.
The orc hits you with a +0 war axe!
You barely miss the orc. Your bite misses the orc.
The orc priest calls down the wrath of Beogh upon you.
Beogh smites you!
* * * LOW HITPOINT WARNING * * *
The orc hits you with a +0 war axe!
* * * LOW HITPOINT WARNING * * *
You hit the orc. You bite the orc, but do no damage.
The orc is heavily wounded.
The orc hits you with a +0 war axe!
You die...

∆ ∆ ##
..##.
####K.....
#.@oo..#
#.######
#######.#
#.......##
#.####...##
##.....#
#......# #
#......# #.
# #.#...##
#.


You could see an orc priest, an orc and a kobold.

Vanquished Creatures
  An adder (D:3)
  3 dart slugs
  7 orcs (D:3)
  3 endoplasms
  2 giant cockroaches
  4 goblins
  2 hobgoblins (D:1)
  8 jackals
  A kobold (D:1)
  A quokka (D:1)
  7 ball pythons
  4 bats (D:1)
  2 frilled lizards (D:1)
  3 rats
48 creatures vanquished.

Notes
Turn   | Place    | Note
-------+----------+-------------------------------------------
     0 | D:1      | Bobit the Gnoll Warper began the quest for the Orb.
     0 | D:1      | Reached XP level 1. HP: 20/20 MP: 6/6
   163 | D:1      | Reached XP level 2. HP: 26/26 MP: 7/7
   668 | D:1      | Reached skill level 5 in Spellcasting
   668 | D:1      | Reached XP level 3. HP: 31/31 MP: 7/9
  1162 | D:2      | Learned a level 2 spell: Blink
  1211 | D:2      | Reached skill level 1 in Invocations
  1297 | D:2      | Noticed Robin
  1320 | D:2      | HP: 1/31 [gnoll/+0 whip (4)]
  1546 | D:3      | Learned a level 3 spell: Teleport Other
  1565 | D:3      | Learned a level 3 spell: Vhi's Electric Charge
  1652 | D:3      | Reached skill level 1 in Short Blades
  1652 | D:3      | Reached skill level 1 in Axes
  1652 | D:3      | Reached skill level 1 in Maces & Flails
  1652 | D:3      | Reached skill level 1 in Polearms
  1652 | D:3      | Reached skill level 1 in Staves
  1652 | D:3      | Reached skill level 1 in Ranged Weapons
  1652 | D:3      | Reached skill level 1 in Stealth
  1652 | D:3      | Reached skill level 1 in Shields
  1652 | D:3      | Reached skill level 1 in Unarmed Combat
  1652 | D:3      | Reached skill level 1 in Evocations
  1760 | D:3      | Reached XP level 4. HP: 38/38 MP: 7/11
  2059 | D:3      | HP: 1/38 [orc/+0 war axe (7)]
  2060 | D:3      | Slain by an orc

Illustrated notes

Levels and vault maps discovered:
D:1:      lightli_arrival_maybe_door_vault, layout_loops_corners, serial_forest,
          infiniplex_forest_clump_curved, infiniplex_forest_lined_ring,
          infiniplex_forest_diagonal, infiniplex_forest_split,
          infiniplex_forest_fountain, infiniplex_forest_lined_room_3,
          minmay_misc_feat_doors
D:2:      layout_basic, serial_glass, glass_columns_b, glass_columns_c,
          glass_columns_b, glass_columns_a, grunt_decor_arrowhead, minivault_27,
          chequers_big_river, minivault_23, uniq_terence, uniq_robin
D:3:      layout_loops_corners, lemuel_zombie_altar_yredelemnul,
          ebering_ghost_sewer_d, dreamdust_ecumenical_altar_angels_and_demons

Skill      XL: |  1  2  3 |
---------------+----------+-----
Spellcasting   | 5 |  5.1
Invocations    | 1 |  1.2
Short Blades   | 1 |  1.1
Axes           | 1 |  1.1
Maces & Flails | 1 |  1.1
Polearms       | 1 |  1.1
Staves         | 1 |  1.1
Ranged Weapons | 1 |  1.1
Stealth        | 1 |  1.1
Shields        | 1 |  1.1
Unarmed Combat | 1 |  1.1
Evocations     | 1 |  1.1
Fighting       | |  4.6
Long Blades    | |  4.6
Throwing       | |  2.7
Armour         | |  2.7
Dodging        | |  4.6
Conjurations   | |  0.9
Hexes          | |  0.9
Summonings     | |  0.9
Necromancy     | |  0.9
Translocations | |  5.4
Transmutations | |  0.9
Fire Magic     | |  0.9
Ice Magic      | |  0.9
Air Magic      | |  0.9
Earth Magic    | |  0.9
Poison Magic   | |  0.9
Shapeshifting  | |  0.9

Action                     |  1- 3 |  4- 6 || total
---------------------------+-------+-------++-------
  Melee: Falchion          |   126 |    35 ||   161
         Bite              |    11 |     6 ||    17
         Punch             |     1 |     1 ||     2
   Cast: Blink             |     4 |       ||     4
         Vhi's Electric Ch |     4 |       ||     4
   Stab: Sleeping          |     1 |       ||     1
 Armour: Leather armour    |    45 |     7 ||    52
  Dodge: Dodged            |   120 |    18 ||   138

Table legend: (Time is in decaauts)
 A = Elapsed time spent in this place.
 B = Non-inter-level travel time spent in this place.
 C = Inter-level travel time spent in this place.
 D = Time resting spent in this place.
 E = Time spent auto-exploring this place.
 F = Levels seen in this place.
 G = Mean time per level.
                   A        B        C        D        E       F      G
               +--------+--------+--------+--------+--------+-----+--------+
         Total |   2070 |   2041 |     29 |    207 |   1422 |   3 |  690.0 |
       Dungeon |   2070 |   2041 |     29 |    207 |   1422 |   3 |  690.0 |
               +--------+--------+--------+--------+--------+-----+--------+

Top non-repeatable levels by time:
     D:1: 1163 daAuts
     D:3: 733 daAuts
     D:2: 173 daAuts
